 Dungeon Crawl Stone Soup version 0.26.1-13-g052cdd8df3 (webtiles) character file.

Game seed: 13832780780426746585

4975 PeSeC the Fighter (level 10, -2/91 HPs)
             Began as a Minotaur Fighter on Feb 8, 2022.
             Was an Elder of Okawaru.
             Slain by a death yak (13 damage)
             ... on level 8 of the Dungeon.
             The game lasted 00:13:55 (7788 turns).

PeSeC the Fighter (Minotaur Fighter)                Turns: 7788, Time: 00:13:56

Health: -2/91      AC: 19    Str: 23    XL:     10   Next: 29%
Magic:  9/9        EV:  7    Int:  5    God:    Okawaru [****..]
Gold:   386        SH: 11    Dex: 11    Spells: 9/9 levels left

rFire    . . .     SeeInvis .   a - +0 long sword
rCold    . . .     Faith    .   c - +0 kite shield
rNeg     + . .     Spirit   .   s - +0 plate armour
rPois    .         Reflect  .   (helmet restricted)
rElec    .         Harm     .   (no cloak)
rCorr    .         Rampage  .   b - +0 pair of gloves (curse)
Will     .....                  (no boots)
Stlth    ..........             (no amulet)
HPRegen  0.25/turn              g - +4 ring of protection
MPRegen  0.11/turn              x - ring of positive energy

@: no status effects
A: retaliatory headbutt, horns 2
a: Renounce Religion, Heroism


You were on level 8 of the Dungeon.
You worshipped Okawaru.
Okawaru was greatly pleased with you.
You visited 2 branches of the dungeon, and saw 9 of its levels.

You collected 386 gold pieces.

Inventory:

Hand Weapons
 a - a +0 long sword (weapon)
Missiles
 k - 23 poisoned darts (quivered)
 o - 4 boomerangs of dispersal
Armour
 b - a cursed +0 pair of gloves (worn)
 c - a +0 kite shield (worn)
 s - a +0 plate armour (worn)
Jewellery
 g - a +4 ring of protection (left hand)
 x - a ring of positive energy (right hand)
Wands
 B - a wand of disintegration (17)
 C - a wand of paralysis (9)
Scrolls
 e - 2 scrolls of enchant armour {unknown}
 i - a scroll of fog {unknown}
 m - 4 scrolls of remove curse
 n - 4 scrolls of enchant weapon
 p - a scroll of amnesia {unknown}
 q - a scroll of noise
 r - a scroll of blinking {unknown}
 t - 3 scrolls of random uselessness
 u - a scroll of teleportation {unknown}
 w - 4 scrolls of immolation
 z - a scroll of acquirement {unknown}
Potions
 d - 3 potions of might
 f - 2 potions of magic
 h - 3 potions of haste
 l - a potion of lignification
 v - a potion of flight
 A - 2 potions of resistance


   Skills:
 * Level 9.0 Fighting
 * Level 8.5 Long Blades
 * Level 6.6 Throwing
 * Level 9.0 Armour
 + Level 5.0 Dodging
 + Level 6.8 Shields


You had 9 spell levels left.
You didn't know any spells.
Your spell library contained the following spells:

 Spells                   Type           Power        Failure   Level
 Animate Skeleton         Necr           0%           100%        1
 Pain                     Necr           0%           100%        1
 Vampiric Draining        Necr           0%           100%        3
 Animate Dead             Necr           0%           100%        4
 Agony                    Necr           0%           100%        5


Dungeon Overview and Level Annotations

Branches:
Dungeon (8/15)             Temple (1/1) D:6            Lair (0/6) D:8

Altars:
Ashenzari
Cheibriados
Dithmenos
Elyvilon
Fedhas
Okawaru
Qazlal
Sif Muna
Xom
Yredelemnul
The Shining One

Shops:
D:7 :


Innate Abilities, Weirdness & Mutations

You reflexively headbutt those who attack you in melee.
You have a pair of horns on your head.


Message History

The death yak gores you but does no damage.
You hit the death yak.
The death yak is severely wounded.
You block the death yak's attack. x2
You slash the death yak! You headbutt the death yak.
The death yak is almost dead.
The death yak gores you!
* * * LOW HITPOINT WARNING * * *
You feel better. You block the death yak's attack.
You completely miss the death yak. Your headbutt misses the death yak.
The death yak is almost dead.
The death yak gores you!
* * * LOW HITPOINT WARNING * * *
You feel better.
The death yak gores you but does no damage.
You feel better. You block the death yak's attack.
You feel better. The death yak gores you!!
* * * LOW HITPOINT WARNING * * *
You feel better. The death yak gores you!
You die...

##### #.....<..# ##
....# ##........# #.
(...# #.........# #.
....####.........# #.
...)#............# #.
#..)..#######.####
#############. #....##
#..### #........#....
..##....# ##.Y)#
#..........##.
#######... ###@#
#.........#### ### #.#
#........#####
#..###.###.....#.....#.
#.....##..............
#####.................
##.................
....
#..................
....
#(#................
......Y
##†#.......>........


You could see a death yak.

Vanquished Creatures
  4 death yaks
  Maggie (D:7)
  A steam dragon (D:7)
  2 orc warriors
  A phantom (D:6)
  6 ogres
  2 centaurs
  A bullfrog (D:7)
  4 killer bees (D:7)
  4 crimson imps (D:4)
  A centaur zombie (D:6)
  A bullfrog zombie (D:6)
  4 hounds
  3 jellies (D:6)
  An orc priest (D:3)
  A bullfrog skeleton (D:8)
  4 iguanas
  5 worker ants (D:6)
  An orc wizard (D:3)
  3 gnolls (D:4)
  11 adders
  2 shadow imps
  A white imp (D:6)
  An ufetubus (D:5)
  An adder skeleton (D:8)
  An adder zombie (D:6)
  2 dart slugs
  5 leopard geckos
  16 orcs
  7 giant cockroaches
  6 goblins
  3 hobgoblins
  3 jackals (D:1)
  6 quokkas
  3 ball pythons
  9 bats
  2 frilled lizards
  A jackal skeleton (D:4)
  4 kobolds
  A quokka skeleton (D:4)
  7 rats
142 creatures vanquished.

Notes
Turn   | Place    | Note
-------+----------+-------------------------------------------
     0 | D:1      | PeSeC the Minotaur Fighter began the quest for the Orb.
     0 | D:1      | Reached XP level 1. HP: 19/19 MP: 0/0
   478 | D:1      | Reached XP level 2. HP: 21/27 MP: 1/1
  1108 | D:2      | Reached XP level 3. HP: 33/33 MP: 2/2
  1830 | D:3      | Noticed an orc warrior
  1846 | D:3      | Reached skill level 1 in Throwing
  1871 | D:3      | Killed an orc warrior
  1872 | D:3      | Reached skill level 1 in Dodging
  1872 | D:3      | Reached XP level 4. HP: 30/41 MP: 3/3
  1872 | D:3      | Reached XP level 5. HP: 35/47 MP: 4/4
  2418 | D:3      | Found a shadowy altar of Dithmenos.
  2577 | D:3      | Reached skill level 5 in Armour
  2869 | D:4      | Found a shimmering altar of Xom.
  2877 | D:4      | Paralysed by a crimson imp for 6 turns
  2891 | D:4      | Reached XP level 6. HP: 54/55 MP: 5/5
  2911 | D:4      | Reached skill level 5 in Fighting
  3375 | D:5      | Entered Level 5 of the Dungeon
  3550 | D:5      | Reached XP level 7. HP: 36/61 MP: 6/6
  3997 | D:6      | Reached skill level 5 in Long Blades
  4690 | D:6      | Found a snail-covered altar of Cheibriados.
  4748 | D:6      | Reached skill level 5 in Shields
  4748 | D:6      | Reached XP level 8. HP: 60/70 MP: 7/7
  4856 | D:6      | Found a staircase to the Ecumenical Temple.
  4865 | Temple   | Entered the Ecumenical Temple
  4906 | Temple   | Became a worshipper of Warmaster Okawaru
  5974 | D:7      | Noticed Maggie
  5986 | D:7      | Killed Maggie
  5986 | D:7      | Reached * piety under Okawaru
  6142 | D:7      | Found Koafinug's Book Boutique.
  6438 | D:7      | Reached XP level 9. HP: 79/79 MP: 8/8
  6463 | D:7      | Reached skill level 5 in Throwing
  6839 | D:8      | Reached ** piety under Okawaru
  6950 | D:8      | Noticed a death yak
  6957 | D:8      | Noticed a death yak
  6998 | D:8      | HP: 4/80 [death yak (8)]
  7000 | D:8      | Killed a death yak
  7000 | D:8      | Reached *** piety under Okawaru
  7418 | D:8      | Found a staircase to the Lair.
  7420 | D:8      | Noticed a death yak
  7420 | D:8      | Noticed a death yak
  7420 | D:8      | Noticed a death yak
  7437 | D:8      | Killed a death yak
  7451 | D:8      | Killed a death yak
  7451 | D:8      | Reached **** piety under Okawaru
  7451 | D:8      | Received a gift from Okawaru
  7452 | D:8      | Reached XP level 10. HP: 90/90 MP: 9/9
  7473 | D:7      | Killed a death yak
  7474 | D:7      | Reached skill level 5 in Dodging
  7784 | D:8      | HP: 2/91 [death yak (16)]
  7788 | D:8      | Slain by a death yak

Illustrated notes

Levels and vault maps discovered:
D:1:      lightli_arrival_flooded_house, layout_loops_corners
D:2:      layout_loops_corners
D:3:      layout_basic, nicolae_dithmenos_shadow_blocks
D:4:      layout_rooms, led_xom_imps
D:5:      layout_basic
D:6:      minmay_razor_zed, layout_cave_pods, minmay_temple_entry_nine_rooms,
          kennysheep_slug_shrine
D:7:      layout_gridville, serial_shops, shop, uniq_maggie
D:8:      layout_rooms, dpeg_lair_monsters, basic_altar, grunt_ministairs_7
Temple:   minmay_crystal_snake_temple

Skill      XL: |  1  2  3  4  5  6  7  8  9 10 |
---------------+-------------------------------+-----
Fighting       | 4 5 6 7 8 9 |  9.0
Long Blades    | 3 4 5 6 8 |  8.5
Armour         | 4 5 6 7 8 9 |  9.0
Throwing       | 1 2 3 4 6 |  6.6
Dodging        | 1 2 3 4 5 |  5.0
Shields        | 4 5 6 |  6.8

Action                   |  1- 3 |  4- 6 |  7- 9 | 10-12 || total
-------------------------+-------+-------+-------+-------++-------
Melee: Long sword        |    85 |   165 |   266 |    36 ||   552
       Headbutt          |    11 |    33 |    70 |    10 ||   124
Throw: Stone             |     1 |       |       |       ||     1
       Dart              |     4 |       |    21 |       ||    25
       Boomerang         |     3 |       |       |       ||     3
       Javelin           |       |       |    10 |       ||    10
Invok: Heroism           |       |       |     2 |     1 ||     3
  Use: Scroll            |       |       |    12 |       ||    12
       Potion            |       |       |       |     6 ||     6
Armor: Chain mail        |    73 |     1 |       |       ||    74
       Scale mail        |     1 |       |       |       ||     1
       Plate armour      |       |   110 |   163 |    13 ||   286
Dodge: Dodged            |    26 |    30 |    71 |     7 ||   134
Block: Kite shield       |    60 |    84 |   149 |    11 ||   304
       Rpst.: Long sword |     6 |     6 |    18 |     1 ||    31
